TOP OF THE 1ST |
---|
Buffalo LightSabres batting - Pitching for Wilmington Rebels : RHP Javier Franco | Pitching: RHP Javier Franco | | Batting: RHB Earl Godwin | 0-0: Called Strike 0-1: Ball 1-1: Ball 2-1: Called Strike 2-2: Ball 3-2: Base on Balls | Batting: RHB Mike Wagner | 0-0: Called Strike 0-1: Grounds into double play, 4-6-3 (Groundball, 4) | Batting: LHB Rob Davidson | 0-0: Called Strike 0-1: Ball 1-1: Swinging Strike 1-2: Foul Ball, location: 2F 1-2: Fly out, F9 (Flyball, 9D) | Top of the 1st over - 0 runs, 0 hits, 0 errors, 0 left on base; Buffalo 0 - Wilmington 0 | BOTTOM OF THE 1ST |
---|
Wilmington Rebels batting - Pitching for Buffalo LightSabres : RHP Roy Jordan | Pitching: RHP Roy Jordan | | Batting: RHB Pedro Zavala | 0-0: Ball 1-0: Ball 2-0: Ball 3-0: Foul Ball, location: 2F 3-1: Base on Balls | Batting: RHB Marlon Hernández | 0-0: Ball 1-0: Foul Ball, location: 2F 1-1: Foul Ball, location: 2F 1-2: SINGLE (Groundball, 56D) Pedro Zavala to second | Batting: RHB Henry Haines | 0-0: Ball 1-0: Called Strike 1-1: Ball 2-1: Called Strike 2-2: Ball 3-2: Base on Balls Pedro Zavala to third Marlon Hernández to second | Batting: LHB Juan Vásquez | 0-0: Called Strike 0-1: Foul Ball, location: 2F 0-2: Ball 1-2: Ball 2-2: Ball 3-2: Base on Balls Pedro Zavala scores Marlon Hernández to third Henry Haines to second | Batting: RHB Sergio Moreno | 0-0: Ball Wild Pitch! Marlon Hernández scores Henry Haines to third Juan Vásquez to second 1-0: Foul Ball, location: 2F 1-1: Fly out, F8 (Flyball, 8RM) Runner from 3rd tags up, OUT at HOME Juan Vásquez to third | Batting: RHB Pedro Sandoval | 0-0: Ball 1-0: Ball 2-0: Foul Ball, location: 2F 2-1: Ball 3-1: Base on Balls | Batting: LHB Seth Sullivan | 0-0: Called Strike 0-1: Ball 1-1: Swinging Strike 1-2: SINGLE (Groundball, 34D) Juan Vásquez scores Pedro Sandoval to second Runner from 2nd tries for 3rd, SAFE, no throw | Batting: RHB Andrew Deal | 0-0: SINGLE (Groundball, 4MD) Pedro Sandoval scores Seth Sullivan to second | Batting: RHB León Gómez | 0-0: Called Strike 0-1: Foul Ball, location: 2F 0-2: Hit by Pitch Seth Sullivan to third Andrew Deal to second | Batting: RHB Pedro Zavala | 0-0: Called Strike 0-1: Swinging Strike 0-2: Ball 1-2: Strikes out looking | Bottom of the 1st over - 4 runs, 3 hits, 0 errors, 3 left on base; Buffalo 0 - Wilmington 4 | TOP OF THE 2ND |
---|
Buffalo LightSabres batting - Pitching for Wilmington Rebels : RHP Javier Franco | Batting: RHB Augusto Padilla | 0-0: SINGLE (Flyball, 89M) | Batting: LHB Tim Griffith | 0-0: Ball 1-0: Fly out, F6 (Line Drive, 6M) | Batting: RHB Alfredo Villegas | 0-0: Called Strike 0-1: Ball 1-1: Called Strike 1-2: Fly out, F7 (Flyball, 78D) | Batting: RHB Júlio López | 0-0: Called Strike 0-1: Called Strike 0-2: Foul Ball, location: 2F 0-2: Foul Ball, location: 2F 0-2: Ball 1-2: Foul Ball, location: 2F 1-2: SINGLE (Line Drive, 8LS) Augusto Padilla to second Augusto Padilla to third | Batting: RHB Abraham Hardy | 0-0: Foul Ball, location: 2F 0-1: Ball 1-1: Ball 2-1: Ball 3-1: SINGLE (Flyball, 8RS) Augusto Padilla scores Júlio López to second Runner from 2nd tries for 3rd, SAFE, no throw | Batting: RHB Daniel Riddle | 0-0: Called Strike 0-1: SINGLE (Groundball, 56D) Júlio López scores Abraham Hardy to second | Batting: RHB Earl Godwin | 0-0: Ball 1-0: Called Strike 1-1: Called Strike 1-2: SINGLE (Line Drive, 4D) Abraham Hardy to third Daniel Riddle to second Runner from 3rd tries for Home, SAFE, no throw | Batting: RHB Mike Wagner | 0-0: Ball 1-0: Ground out 5-3 (Groundball, 56S) | Top of the 2nd over - 3 runs, 5 hits, 0 errors, 2 left on base; Buffalo 3 - Wilmington 4 | BOTTOM OF THE 2ND |
---|
Wilmington Rebels batting - Pitching for Buffalo LightSabres : RHP Roy Jordan | Batting: RHB Marlon Hernández | 0-0: Called Strike 0-1: SINGLE (Groundball, 6MD) | Batting: RHB Henry Haines | 0-0: Called Strike Marlon Hernández steals 2nd base 0-1: Foul Ball, location: 2F 0-2: Foul Ball, location: 2F 0-2: Ball 1-2: Ball 2-2: Foul Ball, location: 2F 2-2: DOUBLE (Groundball, 5L) Marlon Hernández scores | Batting: LHB Juan Vásquez | 0-0: Ball 1-0: SINGLE (Line Drive, 78S) Henry Haines to third Runner from 3rd tries for Home, SAFE, no throw | Batting: RHB Sergio Moreno | 0-0: Ball 1-0: Ball 2-0: Foul Ball, location: 2F 2-1: Foul Ball, location: 2F 2-2: Ball 3-2: Fly out, F3 (Popup, 23) | Batting: RHB Pedro Sandoval | 0-0: Ball Juan Vásquez steals 2nd base 1-0: Ball 2-0: Called Strike 2-1: Fly out, F8 (Flyball, 8RS) | Batting: LHB Seth Sullivan | 0-0: Ball 1-0: Foul Ball, location: 2F 1-1: Ball 2-1: Called Strike 2-2: Ball Wild Pitch! Juan Vásquez to third 3-2: Reached on error, E1 (Groundball, 13S) Juan Vásquez scores | Batting: RHB Andrew Deal | 0-0: Ball Pickoff Throw to First - Error! E1 Seth Sullivan to second 1-0: Called Strike 1-1: Swinging Strike 1-2: Foul Ball, location: 2F 1-2: Strikes out looking | Bottom of the 2nd over - 3 runs, 3 hits, 2 errors, 1 left on base; Buffalo 3 - Wilmington 7 | TOP OF THE 3RD |
---|
Buffalo LightSabres batting - Pitching for Wilmington Rebels : RHP Javier Franco | Batting: LHB Rob Davidson | 0-0: Ball 1-0: Foul Ball, location: 2F 1-1: Ground out 6-3 (Groundball, 6) | Batting: RHB Augusto Padilla | 0-0: Called Strike 0-1: Ball 1-1: Foul Ball, location: 2F 1-2: Ball 2-2: SINGLE (Groundball, 23) (infield hit) | Batting: LHB Tim Griffith | 0-0: Ball 1-0: SINGLE (Line Drive, 56) Augusto Padilla to second | Batting: RHB Alfredo Villegas | 0-0: Ball 1-0: Called Strike 1-1: Ball 2-1: Ball 3-1: Base on Balls Augusto Padilla to third Tim Griffith to second | Batting: RHB Júlio López | 0-0: SINGLE (Groundball, 34D) Augusto Padilla scores Tim Griffith to third Alfredo Villegas to second Runner from 3rd tries for Home, SAFE, no throw | Batting: RHB Abraham Hardy | 0-0: Ball 1-0: Fly out, F7 (Flyball, 78S) | Batting: RHB Daniel Riddle | 0-0: Ball 1-0: Called Strike 1-1: Foul Ball, location: 2F 1-2: Fly out, F6 (Popup, P) | Top of the 3rd over - 2 runs, 3 hits, 0 errors, 2 left on base; Buffalo 5 - Wilmington 7 | BOTTOM OF THE 3RD |
---|
Wilmington Rebels batting - Pitching for Buffalo LightSabres : RHP Roy Jordan | Batting: RHB León Gómez | 0-0: Ball 1-0: Ground out U3 (Groundball, 3S) | Batting: RHB Pedro Zavala | 0-0: Foul Ball, location: 2F 0-1: Ball 1-1: Ball 2-1: Ball 3-1: Base on Balls | Batting: RHB Marlon Hernández | 0-0: Foul Ball, location: 2F 0-1: Fly out, F9 (Flyball, 9) | Batting: RHB Henry Haines | 0-0: Ball 1-0: Ball 2-0: Ball 3-0: Base on Balls Pedro Zavala to second | Batting: LHB Juan Vásquez | 0-0: Called Strike 0-1: Called Strike 0-2: Fly out, F9 (Flyball, 9S) | Bottom of the 3rd over - 0 runs, 0 hits, 0 errors, 2 left on base; Buffalo 5 - Wilmington 7 | TOP OF THE 4TH |
---|
Buffalo LightSabres batting - Pitching for Wilmington Rebels : RHP Javier Franco | Batting: RHB Earl Godwin | 0-0: Ball 1-0: Called Strike 1-1: Called Strike 1-2: Ball 2-2: Foul Ball, location: 2F 2-2: Ball 3-2: Foul Ball, location: 2F 3-2: SINGLE (Groundball, 34S) (infield hit) | Batting: RHB Mike Wagner | 0-0: Ball 1-0: Swinging Strike 1-1: Ball 2-1: TRIPLE (Line Drive, 7LD) Earl Godwin scores | Batting: LHB Rob Davidson | 0-0: Ball 1-0: SINGLE (Groundball, 56S) (infield hit) Mike Wagner scores | Pitching: RHP Wayne Foster | | Batting: RHB Augusto Padilla | 0-0: Foul Ball, location: 2F 0-1: Foul Ball, location: 2F 0-2: Ball 1-2: Ball 2-2: Foul Ball, location: 2F 2-2: Ball 3-2: Base on Balls Rob Davidson to second | Batting: LHB Tim Griffith | 0-0: Called Strike 0-1: Grounds into double play, 4-6-3 (Groundball, 4) Rob Davidson to third | Batting: RHB Alfredo Villegas | 0-0: Ground out 5-3 (Groundball, 56) | Top of the 4th over - 2 runs, 3 hits, 0 errors, 1 left on base; Buffalo 7 - Wilmington 7 | BOTTOM OF THE 4TH |
---|
Wilmington Rebels batting - Pitching for Buffalo LightSabres : RHP Roy Jordan | Pitching: LHP Mike O'Brien | | Batting: RHB Sergio Moreno | 0-0: Foul Ball, location: 2F 0-1: Ball 1-1: Fly out, F8 (Flyball, 8LM) | Batting: RHB Pedro Sandoval | 0-0: Called Strike 0-1: Foul Ball, location: 2F 0-2: Ball 1-2: Fly out, F3 (Flyball, 3D) | Batting: LHB Seth Sullivan | 0-0: Ball 1-0: Ball 2-0: Fly out, F8 (Flyball, 8LM) | Bottom of the 4th over - 0 runs, 0 hits, 0 errors, 0 left on base; Buffalo 7 - Wilmington 7 | TOP OF THE 5TH |
---|
Buffalo LightSabres batting - Pitching for Wilmington Rebels : RHP Wayne Foster | Batting: RHB Júlio López | 0-0: Ball 1-0: Ball 2-0: Ball 3-0: Base on Balls | Batting: RHB Abraham Hardy | 0-0: Foul Ball, location: 2F 0-1: Called Strike 0-2: Strikes out looking | Batting: RHB Daniel Riddle | 0-0: Ball 1-0: Ball 2-0: Called Strike 2-1: Ball 3-1: Foul Ball, location: 2F 3-2: Strikes out swinging | Batting: RHB Earl Godwin | 0-0: Ball 1-0: Foul Ball, location: 2F 1-1: 2-RUN HOME RUN (Flyball, 7LD), Distance : 379 ft | Batting: RHB Mike Wagner | 0-0: Ball 1-0: Foul Ball, location: 2F 1-1: Called Strike 1-2: Strikes out swinging | Top of the 5th over - 2 runs, 1 hit, 0 errors, 0 left on base; Buffalo 9 - Wilmington 7 | BOTTOM OF THE 5TH |
---|
Wilmington Rebels batting - Pitching for Buffalo LightSabres : LHP Mike O'Brien | Batting: RHB Andrew Deal | 0-0: Called Strike 0-1: Ball 1-1: Ball 2-1: Ball 3-1: Base on Balls | Batting: RHB León Gómez | 0-0: Swinging Strike 0-1: Foul Ball, location: 2F 0-2: Ball 1-2: Ball 2-2: Foul Ball, location: 2F 2-2: Strikes out swinging | Batting: RHB Pedro Zavala | 0-0: Ball 1-0: Ball 2-0: Ball 3-0: Swinging Strike 3-1: Base on Balls Andrew Deal to second | Batting: RHB Marlon Hernández | 0-0: Ball 1-0: Ball 2-0: Called Strike 2-1: Ball 3-1: Foul Ball, location: 2F 3-2: Fly out, F8 (Line Drive, 8LM) | Batting: RHB Henry Haines | 0-0: Ball 1-0: Ball 2-0: Foul Ball, location: 2F 2-1: Ball 3-1: Foul Ball, location: 2F 3-2: Ground out 4-3 (Groundball, 4) | Bottom of the 5th over - 0 runs, 0 hits, 0 errors, 2 left on base; Buffalo 9 - Wilmington 7 | TOP OF THE 6TH |
---|
Buffalo LightSabres batting - Pitching for Wilmington Rebels : RHP Wayne Foster | Batting: LHB Rob Davidson | 0-0: Swinging Strike 0-1: Ball 1-1: Called Strike 1-2: Ball 2-2: Ball 3-2: Foul Ball, location: 2F 3-2: Strikes out swinging | Batting: RHB Augusto Padilla | 0-0: Called Strike 0-1: Foul Ball, location: 2F 0-2: Foul Ball, location: 2F 0-2: Ball 1-2: Ball 2-2: SOLO HOME RUN (Flyball, 7D), Distance : 377 ft | Pitching: LHP Manuel Guel | | Batting: LHB Tim Griffith | 0-0: Ball 1-0: SINGLE (Groundball, 6D) | Batting: RHB Alfredo Villegas | 0-0: Fly out, F7 (Line Drive, 7S) | Batting: RHB Júlio López | 0-0: Called Strike 0-1: Fielders Choice at 2nd, 5-4 (Groundball, 56) | Top of the 6th over - 1 run, 2 hits, 0 errors, 1 left on base; Buffalo 10 - Wilmington 7 | BOTTOM OF THE 6TH |
---|
Wilmington Rebels batting - Pitching for Buffalo LightSabres : LHP Mike O'Brien | Batting: LHB Juan Vásquez | 0-0: Ground out 4-3 (Groundball, 4) | Batting: RHB Sergio Moreno | 0-0: Called Strike 0-1: Swinging Strike 0-2: Foul Ball, location: 2F 0-2: Ball 1-2: Ball 2-2: SINGLE (Flyball, 34D) | Batting: RHB Pedro Sandoval | 0-0: SINGLE (Groundball, 6MD) Sergio Moreno to second | Batting: LHB Seth Sullivan | 0-0: Ball 1-0: Fly out, F8 (Flyball, 78D) | Pitching: RHP Ben Graham | | Batting: RHB Andrew Deal | 0-0: Swinging Strike 0-1: Called Strike 0-2: Strikes out swinging | Bottom of the 6th over - 0 runs, 2 hits, 0 errors, 2 left on base; Buffalo 10 - Wilmington 7 | TOP OF THE 7TH |
---|
Buffalo LightSabres batting - Pitching for Wilmington Rebels : LHP Manuel Guel | Batting: RHB Abraham Hardy | 0-0: Swinging Strike 0-1: Swinging Strike 0-2: Ball 1-2: Strikes out swinging | Batting: RHB Daniel Riddle | 0-0: Called Strike 0-1: Foul Ball, location: 2F 0-2: Ball 1-2: Ball 2-2: Strikes out swinging | Batting: RHB Earl Godwin | 0-0: Called Strike 0-1: Ball 1-1: Ground out 4-3 (Groundball, 4S) | Top of the 7th over - 0 runs, 0 hits, 0 errors, 0 left on base; Buffalo 10 - Wilmington 7 | BOTTOM OF THE 7TH |
---|
Wilmington Rebels batting - Pitching for Buffalo LightSabres : RHP Ben Graham | Batting: RHB León Gómez | 0-0: Ball 1-0: Ground out 1-3 (Groundball, 13S) | Batting: RHB Pedro Zavala | 0-0: Called Strike 0-1: SOLO HOME RUN (Flyball, 7LD), Distance : 380 ft | Batting: RHB Marlon Hernández | 0-0: Called Strike 0-1: Ball 1-1: Fly out, F7 (Flyball, 7LMF) | Batting: RHB Henry Haines | 0-0: Ball 1-0: Called Strike 1-1: Ball 2-1: Reached on error, E5 (Groundball, 56) | Pitching: LHP Tom Workman | | Batting: LHB Juan Vásquez | 0-0: Ball 1-0: Called Strike 1-1: Fly out, F6 (Popup, 6MS) | Bottom of the 7th over - 1 run, 1 hit, 1 error, 1 left on base; Buffalo 10 - Wilmington 8 | TOP OF THE 8TH |
---|
Buffalo LightSabres batting - Pitching for Wilmington Rebels : LHP Manuel Guel | Batting: RHB Mike Wagner | 0-0: Swinging Strike 0-1: Fly out, F8 (Flyball, 89M) | Batting: LHB Rob Davidson | 0-0: Foul Ball, location: 2F 0-1: Swinging Strike 0-2: Strikes out swinging | Batting: RHB Augusto Padilla | 0-0: Called Strike 0-1: Foul Ball, location: 2F 0-2: Ball 1-2: Foul Ball, location: 2F 1-2: Ball 2-2: Foul Ball, location: 2F 2-2: Strikes out looking | Top of the 8th over - 0 runs, 0 hits, 0 errors, 0 left on base; Buffalo 10 - Wilmington 8 | BOTTOM OF THE 8TH |
---|
Wilmington Rebels batting - Pitching for Buffalo LightSabres : LHP Tom Workman | Pitching: RHP Junior Pineault | | Batting: RHB Sergio Moreno | 0-0: Ball 1-0: Ball 2-0: Ball 3-0: Called Strike 3-1: Base on Balls | Batting: RHB Pedro Sandoval | 0-0: Ball 1-0: Called Strike 1-1: Swinging Strike 1-2: Foul Ball, location: 2F 1-2: Hit by Pitch Sergio Moreno to second | Batting: LHB Seth Sullivan | 0-0: Ball 1-0: Sac Bunt - play at first, batter OUT! 1-4 Sergio Moreno to third Pedro Sandoval to second | Pinch Hitting: LHB Guillermo Santos | 0-0: Called Strike 0-1: Ground out 6-3 (Groundball, 6M) | Pinch Hitting: LHB Marv Gardner | 0-0: Ball 1-0: Ball 2-0: Called Strike 2-1: Foul Ball, location: 2F 2-2: Strikes out swinging | Bottom of the 8th over - 0 runs, 0 hits, 0 errors, 2 left on base; Buffalo 10 - Wilmington 8 | TOP OF THE 9TH |
---|
Buffalo LightSabres batting - Pitching for Wilmington Rebels : LHP Manuel Guel | Pitching: RHP Esteban Ramírez | | Now at 2B: Ivan Costello | | Now in LF: Guillermo Santos | | Batting: LHB Tim Griffith | 0-0: Ball 1-0: Ball 2-0: Ball 3-0: Called Strike 3-1: Base on Balls | Batting: RHB Alfredo Villegas | 0-0: Ball 1-0: Bunt missed! 1-1: Ball 2-1: Bunted foul 2-2: Strikes out looking | Batting: RHB Júlio López | 0-0: Ball 1-0: Called Strike 1-1: Ball 2-1: Ball 3-1: Base on Balls Tim Griffith to second | Batting: RHB Abraham Hardy | 0-0: Called Strike 0-1: Ball 1-1: Swinging Strike 1-2: Ball 2-2: Ball 3-2: Foul Ball, location: 2F 3-2: Fly out, F6 (Line Drive, 56) | Pinch Hitting: RHB John Warren | 0-0: Ball 1-0: Foul Ball, location: 2F 1-1: Swinging Strike 1-2: Ball 2-2: Strikes out swinging | Top of the 9th over - 0 runs, 0 hits, 0 errors, 2 left on base; Buffalo 10 - Wilmington 8 | BOTTOM OF THE 9TH |
---|
Wilmington Rebels batting - Pitching for Buffalo LightSabres : RHP Junior Pineault | Pitching: RHP Raymond Gibbons | | Now at C: Ramão Almana | | Batting: RHB Pedro Zavala | 0-0: Ball 1-0: Called Strike 1-1: Ball 2-1: Ball 3-1: Base on Balls | Batting: RHB Marlon Hernández | 0-0: Foul Ball, location: 2F 0-1: Swinging Strike 0-2: SINGLE (Groundball, 6D) Pedro Zavala to second | Batting: RHB Henry Haines | 0-0: Foul Ball, location: 2F 0-1: Foul Ball, location: 2F 0-2: Ball 1-2: Ball 2-2: Ball 3-2: Fielders Choice at 2nd, 3-6 (Groundball, 34) Pedro Zavala to third | Batting: LHB Juan Vásquez | 0-0: Ball 1-0: SINGLE (Line Drive, 89S) Pedro Zavala scores Henry Haines to second Runner from 2nd tries for 3rd, SAFE, no throw | Batting: RHB Sergio Moreno | 0-0: Ball 1-0: Called Strike 1-1: Foul Ball, location: 2F 1-2: Ball 2-2: Foul Ball, location: 2F 2-2: Strikes out swinging | Pinch Hitting: LHB Marv Alexander | 0-0: Ball 1-0: Called Strike 1-1: Ball 2-1: Fly out, F8 (Line Drive, 8RD) | Bottom of the 9th over - 1 run, 2 hits, 0 errors, 2 left on base; Buffalo 10 - Wilmington 9 | |